Description

Mech is coming!

Replay - Miszu v Strange - Dusk Towers

Build Order

Get SALT Encoding   

  12  0:01  SCV  
  13  0:13  SCV  
  14  0:19  Supply Depot  
  14  0:25  SCV  
  15  0:41  SCV  
  16  0:43  Barracks  
  16  0:52  Refinery  
  16  0:53  SCV  
  17  1:05  SCV  
  18  1:18  SCV  
  19  1:30  Orbital Command  
  19  1:31  Marine  
  20  1:39  Command Center  
  20  1:47  Supply Depot  
  20  1:55  SCV  
  20  2:00  Factory  
  21  2:08  SCV  
  22  2:16  Barracks Reactor  
  22  2:20  SCV  
  23  2:32  SCV  
  24  2:37  Supply Depot  
  25  2:44  SCV  
  25  2:50  Orbital Command  
  25  2:56  SCV  
  30  2:58  Hellion x2  
  30  3:08  SCV  
  30  3:12  Barracks Reactor  
  31  3:13  Factory  
  31  3:16  SCV  
  36  3:20  SCV, Hellion x2  
  37  3:28  SCV  
  37  3:32  SCV  
  39  3:36  Supply Depot  
  39  3:40  SCV  
  44  3:41  Hellion x2  
  44  3:44  SCV  
  45  3:52  SCV  
  46  3:56  SCV  
  46  3:58  Supply Depot, Factory  
  49  4:03  Hellion x4  
  49  4:04  SCV  
  49  4:08  SCV  
  53  4:16  SCV  
  52  4:21  SCV  
  53  4:24  Hellion x2  
  53  4:28  SCV, Hellion x2  
  60  4:33  SCV  
  61  4:39  Command Center  
  61  4:44  Hellion  
  65  4:45  Hellion  
  65  4:46  Hellion  
  65  4:49  Hellion  
  63  5:02  Hellion  
  63  5:06  Factory Tech Lab  
  65  5:07  Hellion  
  65  5:08  SCV x2  
  65  5:12  Supply Depot, Refinery x2  
  65  5:13  Supply Depot  
  67  5:15  Hellion  
  67  5:19  Hellion  
  67  5:20  SCV  
  67  5:21  SCV  
  69  5:24  Hellion  
  70  5:33  Hellion, Siege Tank, SCV  
  70  5:34  SCV  
  77  5:36  Hellion  
  77  5:40  Hellion  
  81  5:45  Hellion, SCV  
  81  5:46  SCV  
  79  5:54  Orbital Command  
  79  5:55  Hellion  
  79  5:57  SCV  
  79  5:58  Hellion  
  79  6:02  Hellion  
  84  6:06  SCV  
  84  6:07  Hellion  
  84  6:09  SCV  
  88  6:12  Siege Tank  
  88  6:16  Hellion  
  88  6:17  Refinery  
  88  6:18  SCV  
  94  6:19  Hellion  
  94  6:20  SCV  
  94  6:22  SCV  
  94  6:23  Hellion  
  100  6:26  Factory  
  100  6:27  Factory  
  100  6:29  Armory  
  100  6:30  SCV  
  101  6:33  Armory  
  101  6:40  Hellion, Refinery x2, SCV x2  
  101  6:42  SCV  
  101  6:44  Hellion  
  108  6:49  Siege Tank  
  108  6:51  Hellion  
  108  6:52  Hellion  
  108  6:53  SCV  
  108  6:58  Supply Depot, SCV  
  109  7:02  Supply Depot  
  109  7:04  Supply Depot  
  109  7:11  SCV x2  
  109  7:13  Hellion x2  
  91  7:26  Factory Tech Lab  
  91  7:28  Hellion x2  
  97  7:34  Factory Tech Lab, Hellion  
  97  7:35  Factory Tech Lab  
  97  7:38  Hellion  
  97  7:40  Supply Depot x2  
  97  7:41  SCV x2  
  97  7:42  SCV  
Spawning Tool Build Advisor. Get it on Overwolf

Go to:

Details

  • Created by: PeterLiu
  • Published on: Sep 06, 2016
  • Modified on: Sep 06, 2016
  • Patch: Pre-3.8.0
Show
View Real Time Build Order
Export as new Build Order

Comments (0)

There are no comments. Be the first!

Create an account to comment!